 Dungeon Crawl Stone Soup version 0.20-a0-513-g02c11fc (webtiles) character file.

28 Kaname the Charmwright (level 3, 22/27 HPs)
             Began as a Demonspawn Skald on Jan 23, 2017.
             Quit the game on level 1 of the Dungeon.
             The game lasted 00:01:50 (704 turns).

Kaname the Charmwright (Demonspawn Skald)            Turns: 704, Time: 00:01:50

Health: 22/27      AC:  4    Str: 11    XL:     3   Next: 0%
Magic:  6/6        EV: 11    Int: 15    God:
Gold:   55         SH:  4    Dex: 12    Spells: 5/6 levels left

rFire    . . .     SeeInvis .   f - +1 short sword (venom)
rCold    . . .     Gourm    .   b - +0 leather armour
rNeg     . . .     Faith    .   (no shield)
rPois    .         Spirit   +   (no helmet)
rElec    .         Reflect  .   (no cloak)
rCorr    .         Harm     .   (no gloves)
MR       .....                  h - +0 pair of boots (curse)
Stlth    ++........             (no amulet)
Regen    0.1/turn               (no ring)
                                i - ring of stealth

@: no status effects
A: large bone plates 1, magic shield
a: no special abilities


You were on level 1 of the Dungeon.
You were not hungry.

You visited 1 branch of the dungeon, and saw 1 of its levels.

You collected 55 gold pieces.

Inventory:

Hand Weapons
 a - a +0 spear
 f - a +1 short sword of venom (weapon)
Armour
 b - a +0 leather armour (worn)
 h - a cursed +0 pair of boots (worn)
Jewellery
 i - a ring of stealth (left hand)
Potions
 e - a potion of cure mutation
 j - a potion of brilliance {unknown}
 k - a potion of lignification {unknown}
Books
 c - a book of Battle

   Spells                             Type                      Level
   a - Infusion                       Charms                       1
   b - Shroud of Golubria             Charms/Translocation         2
   c - Song of Slaying                Charms                       2
   d - Spectral Weapon                Hexes/Charms                 3
   e - Regeneration                   Charms/Necromancy            3
Comestibles
 d - 2 bread rations
 g - a meat ration


   Skills:
 - Level 2.0 Fighting
 - Level 2.0 Polearms
 - Level 0.8 Armour
 - Level 1.7 Dodging
 - Level 2.0 Spellcasting
 + Level 3.6 Charms


You had 5 spell levels left.
You knew the following spells:

 Your Spells              Type           Power        Failure   Level  Hunger
a - Infusion              Chrm           ##..         10%         1    #......


Dungeon Overview and Level Annotations

Branches:
Dungeon (1/15)

Altars:


Innate Abilities, Weirdness & Mutations

You are partially covered in large bone plates. (SH +4)
When hurt, damage is shared between your health and your magic reserves.


Message History

Things that are here:
a club; a hobgoblin corpse
There is an open door here.
Things that are here:
a club; a shield; a hobgoblin skeleton
k - a fizzy inky potion You enter a teleport trap!
The teleport trap disappears.
Your surroundings suddenly seem different.
A giant cockroach comes into view.
A giant cockroach is nearby!
The giant cockroach bites you but does no damage.
You hit the giant cockroach.
The giant cockroach is poisoned.
The giant cockroach is lightly wounded.
You kill the giant cockroach!
You have reached level 3!
Your experience leads to an increase in your attributes!
Increase (S)trength, (I)ntelligence, or (D)exterity?
You feel clever.
Your demonic ancestry asserts itself...
Large bone plates grow over parts of your arms.
Are you sure you want to abandon this character and quit the game? (Confirm with "yes".)

### ##.# ..# #.#
#######.################
.........@.............#
######.#############.##
########.######### #.#
.........##......#####.###
.........##..............#
.........##..#########.#.#
.........##..# #.#.#
.........##.†# #.#.#
####...#.##..# #.#.#


There were no monsters in sight!

Vanquished Creatures
  4 dart slugs (D:1)
  2 bats (D:1)
  2 giant cockroaches (D:1)
  3 goblins (D:1)
  3 hobgoblins (D:1)
  A frilled lizard (D:1)
  3 kobolds (D:1)
  2 rats (D:1)
20 creatures vanquished.

Notes
Turn   | Place    | Note
-------+----------+-------------------------------------------
     0 | D:1      | Kaname the Demonspawn Skald began the quest for the Orb.
     0 | D:1      | Reached XP level 1. HP: 16/16 MP: 3/3
   406 | D:1      | Reached skill level 3 in Charms
   412 | D:1      | Gained mutation: When hurt, damage is shared between your health and your magic reserves. [demonic ancestry]
   412 | D:1      | Reached XP level 2. HP: 15/22 MP: 5/5
   703 | D:1      | Gained mutation: You are partially covered in large bone plates. (SH +4) [demonic ancestry]
   703 | D:1      | Reached XP level 3. HP: 22/27 MP: 6/6
   704 | D:1      | Quit the game

Vault maps used:
D:1:      minmay_arrival_arboretum_small

Skill      XL: |  1 |
---------------+----+-----
Polearms       | 2 |  2.0
Charms         | 3 |  3.6
Fighting       | |  2.0
Armour         | |  0.8
Dodging        | |  1.7
Spellcasting   | |  2.0

Action                   || total
-------------------------++-------
Melee: Spear             ||    44
       Short sword       ||    25
 Cast: Infusion          ||     1
  Use: Potion            ||     3
Armor: Leather armour    ||    16
Dodge: Dodged            ||    28
